[Event "Titled Tuesday Blitz August 08 Late 2023"]
[White "Powell, Paul"]
[Black "Carrasco Miranda, Andres"]
[WhiteFideId "2005840"]
[BlackFideId "3405990"]
[WhiteElo "2191"]
[BlackElo "2348"]
[Result "0-1"]
[Round "7"]
[TimeControl "180+1"]
[Date "2023.08.08"]
[WhiteClock "0:00:00"]
[BlackClock "0:00:21"]
[Board "132"]

1. d4 Nf6 2. Nf3 g6 3. Bf4 Bg7 4. e3 O-O 5. Be2 d6 6. O-O b6 7. c4 Bb7 8. Nc3 Nbd7 9. h3 Ne4 10. Nxe4 Bxe4 11. Nd2 Bb7 12. Bf3 Qc8 13. Rc1 e5 14. dxe5 dxe5 15. Bg3 Rd8 16. Qc2 h6 17. b4 Bxf3 18. Nxf3 c5 19. a3 f5 20. Rfd1 Qb7 21. Rd6 Kh7 22. Rcd1 Bf8 23. Rxg6 Kxg6 24. Nh4+ Kg7 25. Qxf5 Qc6 26. Qg4+ Kh7 27. Qf5+ Kg8 28. Qg4+ Kh8 29. Ng6+ Kh7 30. Nh4 Bg7 31. Qf5+ Kg8 32. Ng6 Qf6 33. Rxd7 Qxf5 0-1


[Site "https://www.chess.com"]

[Event "Titled Tuesday Blitz August 08 Late 2023"]
[White "Novikova, Margarita"]
[Black "ciroreva-CB"]
[WhiteFideId "14109689"]
[WhiteElo "2147"]
[BlackElo "2336"]
[Result "1/2-1/2"]
[Round "7"]
[TimeControl "180+1"]
[Date "2023.08.08"]
[WhiteClock "0:00:09"]
[BlackClock "0:00:03"]
[Board "133"]

1. d4 d5 2. Bf4 Nf6 3. Nd2 g6 4. c3 Bg7 5. Ngf3 O-O 6. Ne5 c5 7. e3 Nc6 8. h3 h5 9. Nxc6 bxc6 10. Be2 Bf5 11. Nf3 Nd7 12. Rg1 cxd4 13. exd4 Be4 14. Bd3 Bxd3 15. Qxd3 e5 16. Nxe5 Re8 17. O-O-O Nxe5 18. dxe5 Bxe5 19. Bxe5 Rxe5 20. g4 Qg5+ 21. Qd2 Qxd2+ 22. Kxd2 hxg4 23. hxg4 Rae8 24. Rde1 Kg7 25. Rxe5 Rxe5 26. Re1 Rxe1 27. Kxe1 Kf6 28. Ke2 Ke5 29. Ke3 g5 30. b4 a6 31. a4 f6 32. f3 f5 33. gxf5 Kxf5 34. Kd4 Kf4 35. Kc5 Kxf3 36. Kxc6 g4 37. b5 axb5 38. axb5 g3 39. b6 g2 40. b7 g1=Q 41. b8=Q Qg7 42. Qb4 Qf6+ 43. Kxd5 Qf5+ 44. Kc4 Qe6+ 45. Kb5 Qd7+ 46. Ka5 Ke3 47. c4 Qa7+ 48. Kb5 Qb7+ 49. Ka4 Qa7+ 50. Kb3 Kd4 51. c5+ Kd5 52. Qc4+ Kc6 53. Qe6+ Kb5 54. Qc4+ Kc6 55. Qe6+ Kb5 56. Qe2+ Kc6 57. Qf3+ Kb5 58. Qf1+ Kc6 59. Qg2+ Kb5 60. Qe2+ Kc6 61. Kc3 Qxc5+ 62. Qc4 Qxc4+ 63. Kxc4 1/2-1/2


[Site "https://www.chess.com"]

[Event "Titled Tuesday Blitz August 08 Late 2023"]
[White "Fernandez Siles, Luis"]
[Black "Tharushi, T H D Niklesha"]
[WhiteFideId "2209420"]
[BlackFideId "9918264"]
[WhiteElo "2333"]
[BlackElo "2122"]
[Result "1-0"]
[Round "7"]
[TimeControl "180+1"]
[Date "2023.08.08"]
[WhiteClock "0:00:59"]
[BlackClock "0:00:55"]
[Board "134"]

1. e4 c5 2. Nf3 d6 3. Bb5+ Bd7 4. Bxd7+ Qxd7 5. O-O Nc6 6. c3 e5 7. d3 Nf6 8. Bg5 Be7 9. Bxf6 Bxf6 10. Nbd2 O-O 11. Nc4 b5 12. Ne3 Bd8 13. Nd5 f5 14. Qb3 Kh8 15. exf5 Rxf5 16. Nd2 Rb8 17. Ne4 Qe6 18. Ne3 Qxb3 19. axb3 Rf7 20. Ra6 Bb6 21. Nxd6 Rd7 22. Nxb5 Rxd3 23. Nc4 e4 24. Re1 Ne7 25. h3 Nd5 26. Rxe4 Rd1+ 27. Kh2 Rf1 28. Ne3 Nxe3 29. fxe3 Rf2 30. Nxa7 Rxb2 31. Rxb6 Rxb3 32. Rxb3 Rxb3 33. Re8# 1-0


[Site "https://www.chess.com"]

[Event "Titled Tuesday Blitz August 08 Late 2023"]
[White "Guevara Sanchez, Erick Marvin"]
[Black "Castella Garcia, Fausto"]
[WhiteFideId "6700136"]
[BlackFideId "3501922"]
[WhiteElo "2131"]
[BlackElo "2333"]
[Result "1-0"]
[Round "7"]
[TimeControl "180+1"]
[Date "2023.08.08"]
[WhiteClock "0:00:12"]
[BlackClock "0:00:07"]
[Board "135"]

1. e4 c5 2. Nf3 d6 3. d4 cxd4 4. Nxd4 Nf6 5. Nc3 g6 6. Be3 Bg7 7. f3 O-O 8. Bc4 Nc6 9. Qd2 Bd7 10. O-O-O Qa5 11. Kb1 Rfc8 12. Bb3 Ne5 13. h4 b5 14. Nd5 Qxd2 15. Rxd2 Nxd5 16. Bxd5 Nc4 17. Bxc4 Rxc4 18. b3 Rc3 19. Bf2 Rac8 20. Ne2 R3c7 21. Nd4 a5 22. g4 a4 23. g5 Rc3 24. Rd3 axb3 25. axb3 e5 26. Rxc3 Rxc3 27. Ne2 Rxf3 28. Bb6 Bc6 29. Re1 Bxe4 30. Nd4 Rf4 31. Nxb5 d5 32. Bc7 Rxh4 33. Nc3 d4 34. Nxe4 h5 35. b4 Rh3 36. b5 Ra3 37. b6 Ra5 38. Nd6 Ra4 39. Kc1 Bf8 40. b7 Rb4 41. b8=Q 1-0


[Site "https://www.chess.com"]

[Event "Titled Tuesday Blitz August 08 Late 2023"]
[White "Sabar Ethmane Daouda"]
[Black "dorpato"]
[WhiteFideId "19600097"]
[WhiteElo "2210"]
[BlackElo "2068"]
[Result "0-1"]
[Round "7"]
[TimeControl "180+1"]
[Date "2023.08.08"]
[WhiteClock "0:00:49"]
[BlackClock "0:00:43"]
[Board "136"]

1. b3 d5 2. Bb2 Nc6 3. e3 e5 4. Bb5 Bd7 5. Bxc6 Bxc6 6. Bxe5 f6 7. Bb2 d4 8. Bxd4 Bxg2 9. Nf3 Bxh1 10. Qe2 Bxf3 11. Qxf3 c6 12. Nc3 Ne7 13. Ne4 Ng6 14. Nxf6+ gxf6 15. Bxf6 Qd5 16. e4 Qf7 17. Qc3 Rg8 18. O-O-O Be7 19. e5 Nf4 20. Bxe7 Qxe7 21. Qc4 Nd5 22. Qa4 a6 23. c4 Qb4 24. cxd5 Qxa4 25. bxa4 cxd5 26. d4 Ke7 27. f4 Rgc8+ 28. Kd2 Rc4 29. Ke3 Rxa4 30. f5 Rxa2 31. f6+ Ke6 32. Rc1 Ra3+ 33. Ke2 Rg8 34. Rc7 Rg2+ 35. Kf1 Rxh2 36. Re7+ Kf5 37. Kg1 Rd2 0-1


[Site "https://www.chess.com"]

[Event "Titled Tuesday Blitz August 08 Late 2023"]
[White "Maluco_do_Natal_00"]
[Black "Berezin, Viktor"]
[BlackFideId "14107872"]
[WhiteElo "2091"]
[BlackElo "2467"]
[Result "0-1"]
[Round "7"]
[TimeControl "180+1"]
[Date "2023.08.08"]
[WhiteClock "0:00:00"]
[BlackClock "0:01:35"]
[Board "137"]

1. e4 d5 2. exd5 Nf6 3. d4 Bg4 4. Be2 Bxe2 5. Nxe2 Qxd5 6. O-O Nc6 7. c3 O-O-O 8. Qb3 Qxb3 9. axb3 a6 10. f3 e5 11. Be3 Nd5 12. Bf2 f6 13. Nd2 Be7 14. c4 Ndb4 15. d5 Nd3 16. Be3 Ncb4 17. Rfc1 c6 18. Rc3 Nxb2 19. Bb6 Rd7 20. Ne4 N2d3 21. N2g3 g6 22. dxc6 Nxc6 23. Rd1 Ncb4 24. c5 f5 25. Nf2 Nxf2 26. Rxd7 Kxd7 27. Kxf2 Kc6 28. Rc4 Nd5 29. Nf1 Nxb6 30. cxb6+ Bc5+ 31. Ke2 Kxb6 32. b4 Bd4 33. Nd2 Rd8 34. Nb3 Bg1 0-1


[Site "https://www.chess.com"]

[Event "Titled Tuesday Blitz August 08 Late 2023"]
[White "Merino Garcia, Rafael II"]
[Black "Womacka, Mathias"]
[WhiteFideId "2209128"]
[BlackFideId "4611390"]
[WhiteElo "2262"]
[BlackElo "2466"]
[Result "0-1"]
[Round "7"]
[TimeControl "180+1"]
[Date "2023.08.08"]
[WhiteClock "0:00:18"]
[BlackClock "0:00:11"]
[Board "138"]

1. d4 Nf6 2. Nf3 e6 3. g3 c5 4. c4 cxd4 5. Nxd4 Qc7 6. b3 Bb4+ 7. Bd2 Bc5 8. Nc2 Qc6 9. f3 Qb6 10. Bg2 Nc6 11. Nc3 Bf2+ 12. Kf1 Bd4 13. Nxd4 Qxd4 14. Nb5 Qb6 15. Nd6+ Ke7 16. Bc3 Qc7 17. Nb5 Qb8 18. Bb2 Rd8 19. Ba3+ d6 20. Qd2 a6 21. Nc3 b5 22. c5 b4 23. Bb2 bxc3 24. Qxc3 d5 25. g4 a5 26. g5 Ne8 27. Kf2 Qb4 28. Qc2 Qh4+ 29. Kf1 Qxg5 30. Rg1 Qg6 31. Qd2 Qh6 32. Qc2 Ba6 33. Bc1 Qxh2 34. Rh1 Qe5 35. Bb2 Nd4 36. Qd2 Qxe2+ 37. Qxe2 Nxe2 38. Rxh7 Nf4+ 39. Kf2 Nd3+ 40. Kg3 Nxb2 0-1


[Site "https://www.chess.com"]

[Event "Titled Tuesday Blitz August 08 Late 2023"]
[White "Castro Silva, Moises Antonio"]
[Black "Tqebuchava, Zurab"]
[WhiteFideId "3909794"]
[BlackFideId "13601113"]
[WhiteElo "2420"]
[BlackElo "2257"]
[Result "0-1"]
[Round "7"]
[TimeControl "180+1"]
[Date "2023.08.08"]
[WhiteClock "0:00:06"]
[BlackClock "0:00:02"]
[Board "139"]

1. e4 g6 2. d4 Bg7 3. f4 d6 4. Nf3 Bg4 5. Be2 Bxf3 6. Bxf3 e5 7. fxe5 dxe5 8. d5 Ne7 9. O-O O-O 10. c4 b6 11. Nc3 Nc8 12. Qd3 Nd6 13. Bd2 a5 14. a3 Nd7 15. b4 axb4 16. axb4 Qe7 17. Be3 f5 18. c5 bxc5 19. bxc5 Nxe4 20. Nxe4 fxe4 21. Bxe4 Rxa1 22. Rxa1 Nxc5 23. Qc4 Nxe4 24. Qxe4 Qd6 25. Rc1 Rd8 26. Rc5 Bh6 27. h3 Bxe3+ 28. Qxe3 Kg7 29. Rc6 Qxd5 30. Rxc7+ Rd7 31. Rxd7+ Qxd7 32. Qxe5+ Kg8 33. Kh2 Qf7 34. h4 Qf8 35. Kg1 Qf7 36. g3 Qf3 37. Qe8+ Kg7 38. Qe7+ Kg8 39. Qe6+ Kg7 40. Qd7+ Kg8 41. Qd8+ Kg7 42. Qc7+ Kg8 43. Qb8+ Kg7 44. Qb2+ Kg8 45. Kh2 Qf7 46. Kg2 Qg7 47. Qb8+ Qf8 48. Qb3+ Qf7 49. Qb6 Qf8 50. Qe6+ Qf7 51. Qe5 Qf8 52. g4 Qf7 53. Kg3 Qf8 54. h5 Qf7 55. h6 Qb3+ 56. Kh4 Qf7 57. Qb8+ Qf8 58. Qe5 Qf7 59. Kg3 Qf8 60. Qe6+ Qf7 61. Qc8+ Qf8 62. Qc4+ Qf7 63. Qd4 Qc7+ 64. Kh3 Qf7 65. Kg2 Qb7+ 66. Kg3 Qc7+ 67. Kh4 Qe7+ 68. Kh3 Qf7 69. Qe4 Qf8 70. Qe6+ Qf7 71. Qe3 Qf8 72. Kg3 Qf7 73. Qe4 Qf8 74. Qe5 Qf7 75. Qb8+ Qf8 76. Qc7 Qf7 77. Qd8+ Qf8 78. Qd7 Qf7 79. Qd6 Qf8 80. g5 Qxd6+ 0-1


[Site "https://www.chess.com"]

[Event "Titled Tuesday Blitz August 08 Late 2023"]
[White "Weisz, Bryan"]
[Black "Josgar05"]
[WhiteFideId "30934133"]
[WhiteElo "2311"]
[BlackElo "2236"]
[Result "1-0"]
[Round "7"]
[TimeControl "180+1"]
[Date "2023.08.08"]
[WhiteClock "0:01:00"]
[BlackClock "0:00:00"]
[Board "140"]

1. e3 e5 2. Qf3 Nc6 3. Qg3 g6 4. c3 e4 5. d3 d5 6. Nd2 Bd6 7. f4 exf3 8. Qxf3 Nf6 9. e4 Bg4 10. Qe3 Ne5 11. d4 dxe4 12. dxe5 Bxe5 13. Ngf3 exf3 14. Qxe5+ Kd7 15. Qd4+ Kc6 16. Qa4+ Kd6 17. Nxf3 Re8+ 18. Be2 Rxe2+ 19. Kxe2 Qe7+ 20. Be3 Nd5 21. Qa3+ c5 22. Qxc5+ Ke6 23. Qxe7+ Kxe7 24. Rad1 1-0


[Site "https://www.chess.com"]

[Event "Titled Tuesday Blitz August 08 Late 2023"]
[White "GAO"]
[Black "Fernandez Hernandez, Gerardo"]
[BlackFideId "2207400"]
[WhiteElo "2284"]
[BlackElo "2234"]
[Result "1-0"]
[Round "7"]
[TimeControl "180+1"]
[Date "2023.08.08"]
[WhiteClock "0:00:49"]
[BlackClock "0:00:00"]
[Board "141"]

1. a3 d6 2. c4 e5 3. g3 f5 4. Bg2 Nf6 5. d4 e4 6. h4 g6 7. Nh3 Bg7 8. Nf4 O-O 9. Nc3 c6 10. O-O Na6 11. b4 Nc7 12. Qb3 b6 13. a4 Ne6 14. Nxe6 Bxe6 15. e3 Bf7 16. Ba3 Ng4 17. b5 c5 18. Bh3 cxd4 19. exd4 Bxd4 20. Bxg4 fxg4 21. Nxe4 Be5 22. Rad1 Rc8 23. Nxd6 Qf6 24. Nxc8 Rxc8 25. Rc1 Bd4 26. Qd3 Be6 27. Be7 Qg7 28. Bg5 Rf8 29. Qd2 Qe5 30. Bf4 Rxf4 31. Qxf4 Qxf4 32. gxf4 Bf5 33. Rfd1 Bc5 34. Rd8+ Kf7 35. Ra8 Ba3 36. Rxa7+ 1-0


[Site "https://www.chess.com"]

[Event "Titled Tuesday Blitz August 08 Late 2023"]
[White "Liu, Casper"]
[Black "Bazzano, Sebastian"]
[WhiteFideId "1454153"]
[BlackFideId "104566"]
[WhiteElo "2454"]
[BlackElo "2217"]
[Result "0-1"]
[Round "7"]
[TimeControl "180+1"]
[Date "2023.08.08"]
[WhiteClock "0:00:16"]
[BlackClock "0:00:14"]
[Board "142"]

1. d4 Nf6 2. Bf4 e6 3. e3 b6 4. Nd2 Bb7 5. Ngf3 Be7 6. c3 O-O 7. Bd3 c5 8. Qe2 cxd4 9. exd4 d6 10. Rd1 Nbd7 11. O-O Re8 12. Rfe1 Nf8 13. Ne4 Nxe4 14. Bxe4 Bxe4 15. Qxe4 b5 16. h4 d5 17. Qe5 Bxh4 18. Nxh4 Qxh4 19. Bg5 Qh5 20. Rd3 Qg6 21. Rg3 Qf5 22. Qd6 Ng6 23. Qd7 f6 24. Be3 a6 25. Rf3 Qc2 26. Bh6 gxh6 27. Rxf6 Rf8 28. Qxe6+ Kg7 29. Rxf8 Rxf8 30. Qd7+ Rf7 31. Qxd5 Qxf2+ 32. Kh2 Qh4+ 33. Kg1 Qxe1+ 34. Kh2 Qh4+ 35. Kg1 Qf2+ 36. Kh2 Qf4+ 37. Kg1 Re7 38. Qf3 Qxf3 39. gxf3 Re2 40. d5 Rxb2 41. d6 Rd2 42. d7 Rxd7 43. Kf1 Rc7 44. Ke1 Rxc3 45. a3 Rxa3 46. Kd2 b4 47. f4 Rc3 48. f5 Rc7 49. f6+ Kxf6 50. Kd3 b3 51. Kd4 b2 52. Kd5 b1=Q 53. Kd6 Qb6+ 54. Kd5 Rc5+ 55. Kd4 Qb4+ 56. Kd3 Rc3+ 57. Kd2 Qb2+ 58. Kd1 Rc1# 0-1


[Site "https://www.chess.com"]

[Event "Titled Tuesday Blitz August 08 Late 2023"]
[White "Guerrero Vargas, Andres Jesus"]
[Black "De Arruda, Leandro Formes"]
[WhiteFideId "3902048"]
[BlackFideId "22722009"]
[WhiteElo "2421"]
[BlackElo "2205"]
[Result "1-0"]
[Round "7"]
[TimeControl "180+1"]
[Date "2023.08.08"]
[WhiteClock "0:00:09"]
[BlackClock "0:00:06"]
[Board "143"]

1. e4 e6 2. d4 d5 3. exd5 exd5 4. Nf3 Nf6 5. Bd3 Bd6 6. Qe2+ Qe7 7. Nc3 Qxe2+ 8. Nxe2 O-O 9. c3 Ne4 10. O-O f5 11. Bf4 Bxf4 12. Nxf4 c6 13. Ne5 Nd7 14. f3 Nxe5 15. dxe5 Ng5 16. Rae1 Ne6 17. Ne2 b5 18. Bc2 a5 19. Rd1 a4 20. Rfe1 Bb7 21. h3 Rae8 22. Nc1 f4 23. b3 a3 24. b4 g6 25. Nb3 Ba8 26. Kf2 Rf7 27. Nc1 Rfe7 28. Nd3 Kg7 29. h4 Bb7 30. Rh1 Bc8 31. Rb1 Bd7 32. Rb3 Ra8 33. h5 g5 34. h6+ Kg8 35. Rh5 Be8 36. Rh1 Bg6 37. Bb1 Bxd3 38. Bxd3 Nc7 39. Re1 Ne8 40. g3 fxg3+ 41. Kxg3 Nf6 42. Bf5 Nh5+ 43. Kg4 Nf4 44. Kxg5 Ng2 45. Rg1 Kf7 46. Bxh7 Ke6 47. Rxg2 Rxh7 48. Kh5 Kxe5 49. Rb1 Rah8 50. Rg6 Kf5 51. Rbg1 Kf4 52. Rf6+ Ke3 53. Rxc6 Rf7 54. Rg3 Kf2 55. Rh3 Rg8 56. Rg6 Rf5+ 57. Kg4 Rxg6+ 58. Kxf5 Rg8 59. h7 Rh8 60. Kg6 Kg2 61. Kg7 Kxh3 62. Kxh8 Kg3 63. Kg7 d4 64. h8=Q dxc3 65. Qc8 c2 66. Qxc2 Kxf3 67. Qc5 Ke4 68. Qxb5 1-0


[Site "https://www.chess.com"]

[Event "Titled Tuesday Blitz August 08 Late 2023"]
[White "Mesa Cruz, Juan Carlos"]
[Black "Petersson, Kjell"]
[WhiteFideId "6423400"]
[BlackFideId "1705148"]
[WhiteElo "2403"]
[BlackElo "2192"]
[Result "1-0"]
[Round "7"]
[TimeControl "180+1"]
[Date "2023.08.08"]
[WhiteClock "0:01:04"]
[BlackClock "0:00:35"]
[Board "144"]

1. Nf3 f5 2. c4 Nf6 3. d4 e6 4. g3 d5 5. Bg2 c6 6. O-O Bd6 7. b3 Qe7 8. a4 a5 9. Ba3 Na6 10. Bxd6 Qxd6 11. c5 Qe7 12. Nc3 O-O 13. Ne5 Bd7 14. Qd2 Be8 15. Na2 Qc7 16. f3 Bh5 17. b4 axb4 18. Nxb4 Nxb4 19. Qxb4 Nd7 20. Nxd7 Qxd7 21. Rfb1 Rfb8 22. Bf1 Qc7 23. f4 h6 24. a5 g5 25. e3 Bf3 26. Qb6 Qf7 27. a6 bxa6 28. Qxb8+ Rxb8 29. Rxb8+ Kg7 30. Rab1 Kg6 31. R1b7 Qf6 32. Kf2 Be4 33. Be2 g4 34. h3 Kh5 35. hxg4+ fxg4 36. Rg8 Bf5 37. Rb1 Qf7 38. Rh1# 1-0


[Site "https://www.chess.com"]

[Event "Titled Tuesday Blitz August 08 Late 2023"]
[White "Oliveira, Tiago Batista"]
[Black "Suarez Pousa, Diego"]
[WhiteFideId "2108291"]
[BlackFideId "2204509"]
[WhiteElo "2178"]
[BlackElo "2368"]
[Result "0-1"]
[Round "7"]
[TimeControl "180+1"]
[Date "2023.08.08"]
[WhiteClock "0:00:05"]
[BlackClock "0:01:02"]
[Board "145"]

1. d4 Nf6 2. c4 e6 3. Nf3 Bb4+ 4. Bd2 a5 5. g3 b6 6. Bg2 Bb7 7. O-O O-O 8. Nc3 Re8 9. Bf4 Bf8 10. Qc2 d6 11. Rfd1 Nbd7 12. e4 Qc8 13. e5 Nh5 14. Ng5 g6 15. Nce4 Nxf4 16. gxf4 d5 17. cxd5 Bxd5 18. Rac1 Ra7 19. b3 Qa8 20. f3 Bg7 21. Qf2 h6 22. Nh3 Kh7 23. Rc2 Rc8 24. Rdc1 c5 25. dxc5 Nxc5 26. Nxc5 bxc5 27. Rxc5 Rxc5 28. Rxc5 Bf8 29. Rc2 a4 30. Qe3 axb3 31. axb3 Ra1+ 32. Rc1 Qc6 33. Rf1 Bc5 34. Rxa1 Bxe3+ 0-1


[Site "https://www.chess.com"]

[Event "Titled Tuesday Blitz August 08 Late 2023"]
[White "Osmonbekov, Talaibek"]
[Black "Cmorales2001"]
[WhiteFideId "2017253"]
[WhiteElo "2168"]
[BlackElo "2345"]
[Result "0-1"]
[Round "7"]
[TimeControl "180+1"]
[Date "2023.08.08"]
[WhiteClock "0:00:00"]
[BlackClock "0:00:11"]
[Board "146"]

1. d4 Nf6 2. Nc3 d5 3. Bf4 c6 4. e3 Bf5 5. Nf3 Nbd7 6. Ne5 e6 7. g4 Bg6 8. h4 Bb4 9. f3 h5 10. Nxg6 fxg6 11. Bd3 Nf8 12. g5 N6d7 13. a3 Ba5 14. b4 Bc7 15. Ne2 e5 16. Bg3 Qe7 17. c3 O-O-O 18. Kf2 Ne6 19. Bxg6 Rdf8 20. Kg2 exd4 21. cxd4 Bxg3 22. Nxg3 Nxg5 23. Nf5 Qf6 24. hxg5 Qxg5+ 25. Kf2 Rxf5 26. Bxf5 Qxf5 27. Qb1 Qf7 28. Rh3 g6 29. Qg1 Nf6 30. Ke2 Re8 31. Qg5 Qe6 32. Rah1 Nd7 33. Kd3 Nb6 34. Rh4 Nc4 35. e4 Nxa3 36. e5 Nb5 37. Rg1 Rf8 0-1


[Site "https://www.chess.com"]

[Event "Titled Tuesday Blitz August 08 Late 2023"]
[White "Gyulamiryan-koryun"]
[Black "Ortmann, David"]
[BlackFideId "4651588"]
[WhiteElo "2049"]
[BlackElo "2320"]
[Result "0-1"]
[Round "7"]
[TimeControl "180+1"]
[Date "2023.08.08"]
[WhiteClock "0:00:31"]
[BlackClock "0:00:43"]
[Board "147"]

1. e4 e6 2. d4 d5 3. Nd2 Be7 4. f4 dxe4 5. Nxe4 Nf6 6. Bd3 O-O 7. Nf3 Nxe4 8. Bxe4 c5 9. c3 Nc6 10. Be3 cxd4 11. cxd4 Qa5+ 12. Kf2 Nb4 13. a3 Nd5 14. Bd2 Qb6 15. b4 Bd7 16. Bxd5 exd5 17. Be3 Bf5 18. Ne5 Rac8 19. Rc1 Rxc1 20. Qxc1 Rc8 21. Qd1 Rc2+ 22. Kg3 Bh4+ 23. Kxh4 Rxg2 24. Qh5 Qf6+ 25. Qg5 Rxg5 26. fxg5 Qe6 27. Rc1 h6 28. Rc7 hxg5+ 29. Bxg5 f6 30. Bf4 fxe5 31. Bxe5 Qh6+ 32. Kg3 Qe3+ 33. Kh4 Qh3+ 34. Kg5 Qg4# 0-1


[Site "https://www.chess.com"]

[Event "Titled Tuesday Blitz August 08 Late 2023"]
[White "Bogumil, Tatiana"]
[Black "Rodriguez Santiago, Jaime"]
[WhiteFideId "4110579"]
[BlackFideId "3100898"]
[WhiteElo "2025"]
[BlackElo "2275"]
[Result "0-1"]
[Round "7"]
[TimeControl "180+1"]
[Date "2023.08.08"]
[WhiteClock "0:00:00"]
[BlackClock "0:00:05"]
[Board "148"]

1. Nf3 Nf6 2. c4 e6 3. b3 d5 4. Bb2 c5 5. g3 Nc6 6. Bg2 Be7 7. cxd5 exd5 8. d4 O-O 9. O-O Re8 10. Nc3 h6 11. h3 Be6 12. e3 Rc8 13. Rc1 Qd7 14. Kh2 Ne4 15. dxc5 Nxc5 16. Nb5 a6 17. Nbd4 Nxd4 18. Nxd4 Bf6 19. Qe2 Bf5 20. Nxf5 Qxf5 21. Bxf6 Qxf6 22. Bxd5 b5 23. Bg2 Ne6 24. Bb7 Rxc1 25. Rxc1 Nd4 26. Qd2 Nf3+ 27. Bxf3 Qxf3 28. Rc7 Re6 29. Rc8+ Kh7 30. Rc2 Rf6 31. Qe2 Qb7 32. e4 Rd6 33. f4 a5 34. g4 b4 35. Kg3 Qd7 36. e5 Rd3+ 37. Kh2 Qd4 38. Rc4 Qd5 39. Qe4+ Qxe4 40. Rxe4 Rd2+ 41. Kg3 Rxa2 42. f5 Kg8 43. e6 fxe6 44. fxe6 Kf8 45. Kf4 Ra3 46. Re3 Ke7 47. Kf5 a4 48. Rd3 Rxb3 49. Rd7+ Ke8 50. Rxg7 a3 51. Kf6 Rf3+ 52. Kg6 b3 53. Ra7 b2 0-1


[Site "https://www.chess.com"]

[Event "Titled Tuesday Blitz August 08 Late 2023"]
[White "Upper, John"]
[Black "Fajdetic, Hrvoje"]
[WhiteFideId "2606437"]
[BlackFideId "14501945"]
[WhiteElo "1951"]
[BlackElo "2262"]
[Result "0-1"]
[Round "7"]
[TimeControl "180+1"]
[Date "2023.08.08"]
[WhiteClock "0:00:00"]
[BlackClock "0:00:04"]
[Board "149"]

1. b3 e5 2. Bb2 d6 3. e3 f5 4. g3 Nf6 5. Bg2 Be7 6. Ne2 O-O 7. c4 c6 8. O-O Qe8 9. f4 e4 10. d3 d5 11. Bxf6 Bxf6 12. d4 a5 13. Nbc3 Be6 14. Na4 Nd7 15. Rc1 Be7 16. cxd5 cxd5 17. Rc7 b5 18. Nc5 Nxc5 19. dxc5 Qd8 20. Rc6 Qd7 21. Nd4 Bf7 22. Qc2 Rfc8 23. Rxc8+ Rxc8 24. c6 Qa7 25. Nxf5 Bc5 26. Re1 Rxc6 27. Nd4 Rc7 28. Qd2 Bxd4 29. exd4 b4 30. Bh3 Rc3 31. f5 Rd3 32. Qf4 Qxd4+ 33. Kh1 h6 34. Qb8+ Kh7 35. Bg4 Re3 36. Rc1 Rc3 37. Re1 e3 38. Qb7 Qe4+ 39. Kg1 Qxg4 40. Qxf7 e2 41. Qg6+ Qxg6 42. fxg6+ Kxg6 43. Rxe2 Kf5 44. Kf2 d4 45. Re7 g5 46. Ke2 Rc2+ 47. Kd3 Rxa2 48. h4 gxh4 49. gxh4 Ra3 50. Kxd4 Rxb3 51. Re5+ Kg4 52. h5 a4 53. Kc4 Rb1 0-1


[Site "https://www.chess.com"]

[Event "Titled Tuesday Blitz August 08 Late 2023"]
[White "Vaglio Munoz, Jaime"]
[Black "Burke, Paul"]
[WhiteFideId "6500145"]
[BlackFideId "2605767"]
[WhiteElo "2233"]
[BlackElo "1863"]
[Result "1-0"]
[Round "7"]
[TimeControl "180+1"]
[Date "2023.08.08"]
[WhiteClock "0:01:49"]
[BlackClock "0:00:15"]
[Board "151"]

1. e4 e5 2. f4 Bc5 3. Nf3 d6 4. b4 Bb6 5. c4 a6 6. fxe5 dxe5 7. c5 Ba7 8. Bb2 Bg4 9. Bc4 Nf6 10. d3 Nc6 11. Qb3 O-O 12. Nbd2 a5 13. a3 axb4 14. axb4 Nd4 15. Bxd4 exd4 16. O-O c6 17. e5 Nd7 18. e6 Bxe6 19. Bxe6 fxe6 20. Qxe6+ Kh8 21. Ne4 Nf6 22. Nd6 b5 23. Ne5 1-0


[Site "https://www.chess.com"]

[Event "Titled Tuesday Blitz August 08 Late 2023"]
[White "elcala"]
[Black "Biliy, Vadim"]
[BlackFideId "14114127"]
[WhiteElo "1734"]
[BlackElo "2220"]
[Result "0-1"]
[Round "7"]
[TimeControl "180+1"]
[Date "2023.08.08"]
[WhiteClock "0:00:03"]
[BlackClock "0:00:32"]
[Board "152"]

1. d4 c5 2. d5 f5 3. c4 Nf6 4. Nc3 g6 5. Nf3 Bg7 6. h3 O-O 7. Bf4 Qa5 8. e3 Ne4 9. Rc1 Nxc3 10. bxc3 Bxc3+ 11. Nd2 e5 12. Bg5 Bxd2+ 13. Qxd2 Qxd2+ 14. Kxd2 Kf7 15. Rb1 d6 16. Be2 Rh8 17. Rb2 h6 18. Bh4 g5 19. Bg3 f4 20. exf4 exf4 21. Bh2 Nd7 22. Rg1 Nf6 23. Re1 Ne4+ 24. Kc1 Nxf2 25. Bh5+ Kf6 26. Rxf2 Bf5 27. Bg4 Rhe8 28. Rfe2 Re5 29. Bxf5 Kxf5 30. Rxe5+ dxe5 31. Bg1 b6 32. d6 Rd8 33. Rd1 Ke6 34. d7 Rxd7 35. Rxd7 Kxd7 36. Kc2 e4 37. Kd2 Ke6 38. Bf2 Kf5 39. Ke2 h5 40. Be1 e3 41. Kf3 g4+ 42. hxg4+ hxg4+ 43. Ke2 Ke4 44. Bh4 f3+ 45. gxf3+ gxf3+ 46. Kd1 Kd3 47. Ke1 Kxc4 48. Bg5 Kd3 49. Bf4 c4 50. Bb8 a6 51. Ba7 b5 52. Bc5 c3 53. Ba3 a5 54. Bc1 b4 55. Kf1 a4 56. Ke1 b3 57. axb3 axb3 58. Kd1 b2 59. Bxe3 b1=Q+ 60. Bc1 Qc2+ 61. Ke1 Qe2# 0-1


[Site "https://www.chess.com"]

[Event "Titled Tuesday Blitz August 08 Late 2023"]
[White "Thiel, Thomas"]
[Black "alfianasybullina"]
[WhiteFideId "4615964"]
[WhiteElo "2180"]
[BlackElo "2234"]
[Result "1/2-1/2"]
[Round "7"]
[TimeControl "180+1"]
[Date "2023.08.08"]
[WhiteClock "0:00:31"]
[BlackClock "0:00:36"]
[Board "153"]

1. e4 c6 2. d4 d5 3. exd5 cxd5 4. c4 Nf6 5. Nc3 Nc6 6. Bg5 dxc4 7. Bxc4 e6 8. Nf3 Be7 9. O-O O-O 10. a3 a6 11. Rc1 b5 12. Ba2 Bb7 13. Bxf6 Bxf6 14. d5 exd5 15. Bxd5 Na5 16. Bxb7 Nxb7 17. b4 Bxc3 18. Rxc3 Qf6 19. Qd4 Qxd4 20. Nxd4 Rfd8 21. Nc6 Rd7 22. g3 g6 23. Re1 Kg7 24. Rf3 Nd6 25. Rd1 Rc8 26. Na5 Kf8 27. Rfd3 Ke7 28. Nb3 Rdd8 29. Nc5 Nc4 30. Re1+ Kf8 31. Rxd8+ Rxd8 32. Ra1 Rd6 33. a4 Kg7 34. axb5 axb5 35. Kg2 h5 36. Ra8 h4 37. gxh4 Rd4 38. Rb8 Nd6 39. Rb6 Kf6 40. Nb7 Ke7 41. Nxd6 Rxd6 42. Rxb5 Rd4 43. h5 gxh5 44. Rxh5 Rxb4 45. Rg5 Kf6 46. Rg3 Kf5 47. h3 f6 48. Rf3+ Kg5 49. Kg3 f5 50. h4+ Rxh4 51. Rxf5+ Kxf5 52. Kxh4 Kf4 53. f3 Kxf3 1/2-1/2


[Site "https://www.chess.com"]

[Event "Titled Tuesday Blitz August 08 Late 2023"]
[White "Semenova, Alina"]
[Black "Osiecki, Stanislaw"]
[WhiteFideId "24113875"]
[BlackFideId "1102990"]
[WhiteElo "2092"]
[BlackElo "2004"]
[Result "0-1"]
[Round "7"]
[TimeControl "180+1"]
[Date "2023.08.08"]
[WhiteClock "0:00:00"]
[BlackClock "0:00:25"]
[Board "154"]

1. e4 e6 2. d4 d5 3. exd5 exd5 4. Bd3 Bd6 5. Qf3 Nf6 6. h3 O-O 7. Ne2 Re8 8. O-O Nbd7 9. Bg5 h6 10. Bh4 Be7 11. Nd2 Nf8 12. Rfe1 Ng6 13. Bxg6 fxg6 14. Nf1 Bf5 15. c3 g5 16. Bg3 Be4 17. Qe3 Bd6 18. Bxd6 Qxd6 19. Qg3 Qxg3 20. Nexg3 Bg6 21. Ne3 c6 22. Ngf5 Rad8 23. g4 Ne4 24. Kg2 Nd6 25. h4 Nxf5 26. gxf5 Bh7 27. hxg5 hxg5 28. Rh1 Rf8 29. Rh5 Bxf5 30. Rxg5 Be4+ 31. Kg1 Rf6 32. Ng4 Rg6 33. Rxg6 Bxg6 34. Ne5 Bf5 35. Kh2 g6 36. Rg1 Kg7 37. Kg3 Kf6 38. Kf4 Rh8 39. Ke3 Rh3+ 40. Rg3 Rh1 41. b4 Ra1 42. Rf3 Rxa2 43. Ng4+ Kg5 44. Ne5 Rc2 45. Nf7+ Kf6 46. Ne5 Rxc3+ 47. Ke2 Rxf3 48. Kxf3 g5 49. Kg3 Bc8 50. f4 Kf5 0-1


[Site "https://www.chess.com"]